 Dungeon Crawl Stone Soup version 0.30-a0-737-gf23d94013f (webtiles) character file.

Game seed: 13811540303638503648

211 jimonade the Slasher (level 6, -3/45 HPs)
             Began as a Djinni Gladiator on Feb 3, 2023.
             Frozen to death by an endoplasm (6 damage)
             ... on level 4 of the Dungeon.
             The game lasted 00:07:25 (3329 turns).

jimonade the Slasher (Djinni Gladiator)             Turns: 3329, Time: 00:07:25

Health: -3/45      AC: 14    Str: 13    XL:     6   Next: 13%
Gold:   232        EV: 13    Int: 11    God:
                   SH:  0    Dex: 15

rFire   + + .      SeeInvis .    a - +0 short sword (protect)
rCold   x . .      Faith    .    (no shield)
rNeg    . . .      Spirit   .    h - +0 leather armour
rPois   ∞          Reflect  .    v - +2 helmet
rElec   .          Harm     .    s - +0 cloak
rCorr   .          Rampage  .    (no gloves)
Will    .....                    (boots unavailable)
Stlth   +                        (no amulet)
HPRegen 0.27/turn                (no ring)
MPRegen 0.00/turn                (no ring)

@: under a protective aura, flying
A: sickness immunity, fire resistance 2, cold vulnerability 1, float, innate
caster, HP casting, extra vitality 1
a: no special abilities


You were on level 4 of the Dungeon.
You visited 1 branch of the dungeon, and saw 4 of its levels.

You collected 232 gold pieces.

Inventory:

Hand Weapons
 a - a +0 short sword of protection (weapon)
 b - a +0 sling
 u - a +2 dagger of holy wrath
 B - a +0 long sword
 D - a +3 whip
Missiles
 d - 2 throwing nets
 e - a javelin
 n - 4 boomerangs
Armour
 h - a +0 leather armour (worn)
 o - a +0 leather armour
 p - a +0 chain mail
 q - a +0 ring mail
 s - a +0 cloak (worn)
 v - a +2 helmet (worn)
 y - the +1 leather armour of Bing {Harm Drain rN+++ MP-9 SInv}
   (You found it on level 3 of the Dungeon)

   rN:        It renders you almost immune to negative energy.
   MP:        It affects your magic capacity (-9).
   SInv:      It lets you see invisible.
   Drain:     It drains your maximum health when unequipped.
   Harm:      It increases damage dealt and taken.
Jewellery
 c - a ring of wizardry
Wands
 x - a wand of paralysis (8)
Scrolls
 f - a scroll of noise {unknown}
 g - a scroll of enchant armour {unknown}
 j - 3 scrolls of identify {unknown}
 l - 2 scrolls of vulnerability {unknown}
 m - a scroll of enchant weapon {unknown}
 w - a scroll of magic mapping {unknown}
 C - a scroll of teleportation {unknown}
Potions
 i - 4 potions of heal wounds {unknown}
 k - a potion of flight {unknown}
 r - 3 potions of mutation {unknown}
 t - a potion of magic {unknown}
 z - a potion of brilliance {unknown}
 A - a potion of attraction {unknown}
 E - a potion of curing {unknown}
 F - a potion of degeneration {unknown}


   Skills:
 + Level 2.4 Fighting
 * Level 0.3(2.6) Short Blades
 + Level 4.3 Long Blades
 + Level 0.1 Ranged Weapons
 - Level 1.5 Throwing
 + Level 1.2 Armour
 + Level 3.6 Dodging
 + Level 0.2 Stealth
 * Level 1.9 Spellcasting


You had 5 spell levels left.
You knew the following spells:

 Your Spells              Type           Power      Damage    Failure   Level
a - Magic Dart            Conj           20%        1d4       17%         1
b - Blink                 Tloc           10%        N/A       26%         2
Your spell library was empty.

Dungeon Overview and Level Annotations

Branches:
Dungeon (4/15)
 Temple: D:4-7

Altars:


Innate Abilities, Weirdness & Mutations

You are immune to sickness and miasma.
You are immune to poison.
Your flesh is very heat resistant. (rF++)
You are vulnerable to cold. (rC-)
You float through the air rather than walking.
You learn spells naturally, not from books.
Your magical power is your life essence.
You have superior vitality. (+4 MHP)


Message History

The orc hits you but does no damage. x2; Something completely misses you.
You barely miss the orc.
The orc is almost dead.
The orc completely misses you. The orc closely misses you.
You hear some strange, mumbled words.
A puff of flame appears from out of thin air!
The puff of flame hits you. You resist.
* * * LOW HITPOINT WARNING * * *
An endoplasm comes into view.
You hit the orc but do no damage. The orc hits you but does no damage. x2
Something hits you but does no damage.
You barely miss the orc.
The orc is almost dead.
The orc hits you but does no damage. The orc barely misses you.
You hear some strange, mumbled words.
Something tries to affect you, but you resist.
You barely miss the orc.
The orc is almost dead.
The orc hits you but does no damage. The orc completely misses you.
Something hits you but does no damage.
You closely miss the orc. You hit the orc but do no damage.
The orc closely misses you. The orc hits you but does no damage.
You hear some strange, mumbled words.
A puff of flame appears from out of thin air!
The puff of flame misses you.
You closely miss the orc. The orc hits you but does no damage. x2
The endoplasm closely misses you. Something hits you but does no damage.
You hit the orc.
The orc is moderately wounded.
The endoplasm completely misses you. The orc barely misses you. x2
Something hits you but does no damage.
You barely miss the orc. You punch the orc, but do no damage.
The orc is moderately wounded.
The orc hits you with a +0 club.
* * * LOW HITPOINT WARNING * * *
The orc closely misses you. Something barely misses you.
The endoplasm freezes you.
You are frozen.
You feel a terrible chill!
You die...

#+ ##.###########
.............#######
#.................
#........###..###.
#oJ..)...# ##.# #.
#@{..†...# #.###.
#.o......# #...#.
#...!....# ###.#.
###.###### #.#. ...
#... ..... ###.
....... #. ........#
#. #####.### #.


You could see 2 orcs and an endoplasm.

Vanquished Creatures
  2 orc priests
  A jelly (D:2)
  2 adders
  A gnoll (D:1)
  A worm (D:3)
  3 dart slugs
  5 orcs
  5 endoplasms
  6 giant cockroaches
  7 goblins
  7 hobgoblins
  10 jackals
  6 kobolds
  6 quokkas
  6 ball pythons
  A bat (D:2)
  2 frilled lizards
  2 rats
73 creatures vanquished.

Vanquished Creatures (others)
  A fungus (D:1)
1 creature vanquished.

Grand Total: 74 creatures vanquished

Notes
Turn   | Place    | Note
-------+----------+-------------------------------------------
     0 | D:1      | jimonade the Djinni Gladiator began the quest for the Orb.
     0 | D:1      | Reached XP level 1. HP: 18/18 MP: 0/0
   143 | D:1      | Reached skill level 3 in Long Blades
   238 | D:1      | Reached XP level 2. HP: 23/23 MP: 0/0
   267 | D:1      | Found a faded altar of an unknown god.
   291 | D:1      | Reached skill level 1 in Spellcasting
   459 | D:1      | Reached XP level 3. HP: 28/28 MP: 0/0
   459 | D:1      | Learned a level 1 spell: Magic Dart
  1233 | D:2      | Reached XP level 4. HP: 30/33 MP: 0/0
  2125 | D:3      | Reached XP level 5. HP: 33/38 MP: 0/0
  2125 | D:3      | Learned a level 2 spell: Blink
  2386 | D:3      | Reached skill level 4 in Long Blades
  2511 | D:3      | Identified the +1 leather armour of Bing {Harm Drain rN+++
                  | MP-9 SInv}
  2781 | D:3      | Reached skill level 1 in Armour
  3316 | D:4      | Reached XP level 6. HP: 9/45 MP: 0/0
  3329 | D:4      | Frozen to death by an endoplasm

Illustrated notes

Levels and vault maps discovered:
D:1:      beargit_arrival_greenhouse, layout_loops_ring,
          shapermc_ecumenical_altar_rom_forum, minivault_11, minivault_19,
          minmay_strange_pillars
D:2:      minmay_spotlight, layout_loops_corners, basic_altar
D:3:      layout_loops_ring
D:4:      layout_basic, minmay_fountain_box, minmay_distorted, uniq_natasha

Skill      XL: |  1  2  3  4  5 |
---------------+----------------+-----
Long Blades    | 3 4 |  4.3
Spellcasting   | 1 |  1.9
Armour         | 1 |  1.2
Fighting       | |  2.4
Short Blades   | |  0.3
Ranged Weapons | |  0.1
Throwing       | |  1.5
Dodging        | |  3.6
Stealth        | |  0.2

Action                     |  1- 3 |  4- 6 || total
---------------------------+-------+-------++-------
  Melee: Long sword        |    76 |   105 ||   181
         Punch             |     1 |     1 ||     2
         Short sword       |       |    73 ||    73
   Fire: Sling             |     1 |       ||     1
  Throw: Throwing net      |       |     2 ||     2
   Cast: Magic Dart        |       |    34 ||    34
   Stab: Sleeping          |     1 |     2 ||     3
 Armour: Leather armour    |    29 |   106 ||   135
  Dodge: Dodged            |    38 |   139 ||   177

Table legend: (Time is in decaauts)
 A = Elapsed time spent in this place.
 B = Non-inter-level travel time spent in this place.
 C = Inter-level travel time spent in this place.
 D = Time resting spent in this place.
 E = Time spent auto-exploring this place.
 F = Levels seen in this place.
 G = Mean time per level.
                   A        B        C        D        E       F      G
               +--------+--------+--------+--------+--------+-----+--------+
         Total |   3357 |   3063 |    294 |      0 |   2392 |   4 |  839.2 |
       Dungeon |   3357 |   3063 |    294 |      0 |   2392 |   4 |  839.2 |
               +--------+--------+--------+--------+--------+-----+--------+

Top non-repeatable levels by time:
     D:2: 1234 daAuts
     D:1: 897 daAuts
     D:3: 876 daAuts
     D:4: 349 daAuts
